 Dungeon Crawl Stone Soup version 0.22.2-1-ge965b3aba3 (webtiles) character file.

835 Freitmort the Conjurer (level 7, -21/37 HPs)
             Began as a Deep Elf Conjurer on July 23, 2019.
             Killed from afar by Pikel (23 damage)
             ... with a wand of acid (2)
             ... on level 5 of the Dungeon.
             The game lasted 00:30:27 (5604 turns).

Freitmort the Conjurer (Deep Elf Conjurer)          Turns: 5604, Time: 00:30:29

Health: -21/37     AC:  3    Str:  7    XL:     7   Next: 66%
Magic:  6/19       EV: 13    Int: 20    God:
Gold:   338        SH:  0    Dex: 15    Spells: 14/20 levels left

rFire    . . .     SeeInvis .   l - staff of poison
rCold    . . .     Gourm    .   (no shield)
rNeg     . . .     Faith    .   a - +0 robe
rPois    +         Spirit   .   (no helmet)
rElec    .         Reflect  .   d - +0 cloak
rCorr    .         Harm     .   (no gloves)
MR       .....                  (no boots)
Stlth    +++.......             (no amulet)
HPRegen  0.12/turn              (no ring)
MPRegen  0.16/turn              (no ring)

@: no status effects
A: no striking features
a: no special abilities


You were on level 5 of the Dungeon.
You were hungry.

You visited 1 branch of the dungeon, and saw 5 of its levels.

You collected 338 gold pieces.

Inventory:

Hand Weapons
 j - a +6 dagger of freezing
Missiles
 g - 17 poisoned needles
Armour
 a - a +0 robe (worn)
 d - a +0 cloak (worn)
Magical Staves
 l - an uncursed staff of poison (weapon)
Scrolls
 n - 2 scrolls of amnesia
Potions
 b - a potion of lignification
 e - 2 potions of flight
 f - 2 potions of might {unknown}
 h - a potion of haste {unknown}
 i - a potion of berserk rage {unknown}
 k - a potion of heal wounds
Comestibles
 c - 10 rations


   Skills:
 + Level 0.8 Fighting
 + Level 3.2 Dodging
 + Level 4.1 Stealth
 + Level 7.3 Spellcasting
 + Level 7.7 Conjurations
 * Level 1.0 Fire Magic
 - Level 1.0 Evocations


You had 14 spell levels left.
You knew the following spells:

 Your Spells              Type           Power        Failure   Level  Hunger
a - Magic Dart            Conj           ####         1%          1    None
b - Searing Ray           Conj           #####.       1%          2    None
c - Conjure Flame         Conj/Fire      ###.....     4%          3    #......

Your spell library contained the following spells:

 Spells                   Type           Power        Failure   Level  Hunger
 Iskenderun's Mystic Bla  Conj           #####...     3%          4    ###....
 Dazzling Spray           Conj/Hex       ###...       5%          3    #......
 Mephitic Cloud           Conj/Pois/Air  ####....     10%         3    #......
 Blink                    Tloc           N/A          14%         2    None
 Call Imp                 Summ           #.......     14%         2    None
 Slow                     Hex            #.......     14%         2    None
 Force Lance              Conj/Tloc      ###.....     19%         4    ###....
 Fulminant Prism          Conj/Hex       ###.......   19%         4    ###....


Dungeon Overview and Level Annotations

Branches:
Dungeon (5/15)
 Temple: D:4-7

Altars:

Shops:
D:5 :

Annotations:
D:2 1 runed door, Jessica, Natasha
D:5 Pikel


Message History

The searing ray hits Pikel.
Pikel is moderately wounded. (Press . to maintain the ray.)
A slave comes into view.
Pikel zaps a wand.
The bolt of acid hits you!
Ouch! That really hurt!
You are splashed with acid!
The acid burns!
* * * LOW HITPOINT WARNING * * *
The searing ray hits Pikel.
Pikel is heavily wounded.
The searing ray hits Pikel.
Pikel is severely wounded.
The searing ray hits Pikel.
Pikel is almost dead.
You finish channeling your searing ray.
You hear a shout!
A slave comes into view.
Pikel zaps a wand.
The bolt of acid hits you!
Ouch! That really hurt!
You die...

. #### . . ..... .###.
##### #.p.## # #K#..
..... # #ยง#.####... ..
#.#.##.... ###
#.<.##.#.# #@.......#
##..##.#.#
#..##.#.###.###
#..............
#.###.#[###.### #.#
#.#.# #.###.#.#########
#######................
.............#.########


You could see Pikel and a slave.

Vanquished Creatures
  A slave (D:5)
  2 phantoms (D:4)
  2 ice beasts
  A gnoll sergeant (D:4)
  A scorpion (D:5)
  2 howler monkeys (D:4)
  A crimson imp (D:5)
  A bullfrog skeleton (D:4)
  A centaur skeleton (D:4)
  A hound skeleton (D:4)
  A hound zombie (D:5)
  Robin (D:3)
  3 gnolls (D:4)
  6 adders
  A worm (D:3)
  2 dart slugs (D:1)
  2 leopard geckos
  2 orcs (D:3)
  5 bats
  3 giant cockroaches
  7 hobgoblins
  8 jackals
  4 kobolds
  6 quokkas
  4 frilled lizards
  9 goblins
  A jackal skeleton (D:4)
  A leopard gecko skeleton (D:4)
  2 quokka skeletons (D:5)
  12 rats
93 creatures vanquished.

Notes
Turn   | Place    | Note
-------+----------+-------------------------------------------
     0 | D:1      | Freitmort the Deep Elf Conjurer began the quest for the
                  | Orb.
     0 | D:1      | Reached XP level 1. HP: 10/10 MP: 6/6
   235 | D:1      | Reached XP level 2. HP: 15/15 MP: 5/8
   265 | D:1      | Learned a level 2 spell: Searing Ray
   664 | D:1      | Reached skill level 5 in Conjurations
   986 | D:2      | Reached XP level 3. HP: 19/19 MP: 5/9
  1561 | D:2      | Noticed Jessica
  1575 | D:2      | Noticed Natasha
  1922 | D:2      | Reached XP level 4. HP: 20/24 MP: 5/11
  1985 | D:2      | Found a runed door.
  2653 | D:3      | Learned a level 3 spell: Conjure Flame
  2910 | D:3      | Found a faded altar of an unknown god.
  2953 | D:3      | Noticed Robin
  2963 | D:3      | Killed Robin
  3053 | D:3      | Reached XP level 5. HP: 28/28 MP: 11/13
  3930 | D:4      | Reached skill level 5 in Spellcasting
  3930 | D:4      | Reached XP level 6. HP: 32/32 MP: 9/15
  3952 | D:4      | Noticed an ice beast
  4286 | D:4      | Killed an ice beast
  4417 | D:4      | Reached XP level 7. HP: 37/37 MP: 13/18
  4848 | D:5      | Entered Level 5 of the Dungeon
  5188 | D:5      | Found Cucrok's Book Shoppe.
  5448 | D:5      | Reached skill level 1 in Fire Magic
  5448 | D:5      | Reached skill level 1 in Evocations
  5526 | D:5      | Noticed Pikel
  5604 | D:5      | Killed from afar by Pikel

Skill      XL: |  1  2  3  4  5  6  7 |
---------------+----------------------+-----
Conjurations   | 5 6 7 |  7.7
Stealth        | 3 4 |  4.1
Spellcasting   | 4 5 6 7 |  7.3
Dodging        | 3 |  3.2
Fire Magic     | 1 |  1.0
Evocations     | 1 |  1.0
Fighting       | |  0.8

Action                   |  1- 3 |  4- 6 |  7- 9 || total
-------------------------+-------+-------+-------++-------
 Cast: Magic Dart        |    61 |    93 |    24 ||   178
       Searing Ray       |     5 |    10 |    11 ||    26
       Conjure Flame     |       |       |     2 ||     2
  Use: Scroll            |     4 |     6 |     3 ||    13
       Potion            |       |       |     2 ||     2
  Eat: Chunk             |     3 |     5 |     2 ||    10
       Ration            |       |     1 |       ||     1
Dodge: Dodged            |     4 |    11 |     6 ||    21
